 Dungeon Crawl Stone Soup version 0.29-a0-284-gf9362112df (webtiles) character file.

Game seed: 14061949783001868587

1206 bande the Covered (level 8, -4/49 HPs)
             Began as a Gargoyle Fighter on Mar 29, 2022.
             Killed from afar by Maggie (9 damage)
             ... with a bolt of fire
             ... on level 6 of the Dungeon.
             The game lasted 00:10:35 (6202 turns).

bande the Covered (Gargoyle Fighter)                Turns: 6202, Time: 00:10:37

Health: -4/49      AC: 19    Str: 20    XL:     8   Next: 45%
Magic:  8/8        EV:  7    Int:  9    God:
Gold:   367        SH:  6    Dex: 11    Spells: 7/7 levels left

rFire   . . .      SeeInvis .   a - +1 war axe (vamp)
rCold   . . .      Faith    .   c - +1 buckler
rNeg    + . .      Spirit   .   o - +2 chain mail {rPois}
rPois   ∞          Reflect  .   e - +2 hat
rElec   +          Harm     .   (no cloak)
rCorr   +          Rampage  .   (no gloves)
Will    .....                   (no boots)
Stlth   ..........              (no amulet)
HPRegen 0.16/turn               p - ring of resist corrosion
MPRegen 0.11/turn               (no ring)

@: mesmerised
A: sickness immunity, AC +5, negative energy resistance 1, electricity
resistance, torment resistance 1, petrification resistance
a: no special abilities


You were on level 6 of the Dungeon.
You visited 2 branches of the dungeon, and saw 7 of its levels.

You collected 367 gold pieces.

Inventory:

Hand Weapons
 a - a +1 vampiric war axe (weapon)
 f - a +0 flail
 m - a +0 hand axe of venom
Armour
 c - a +1 buckler (worn)
 e - a +2 hat (worn)
 i - an orb of light
 o - a +2 chain mail of poison resistance (worn)
Jewellery
 p - a ring of resist corrosion (left hand)
Wands
 n - a wand of paralysis (4)
 t - a wand of iceblast (2)
Scrolls
 b - 2 scrolls of enchant armour
 j - a scroll of blinking
 s - a scroll of enchant weapon
Potions
 d - 4 potions of might
 g - a potion of resistance
 h - 3 potions of curing
 k - a potion of haste {unknown}
 l - a potion of heal wounds {unknown}
 q - a potion of degeneration {unknown}
 r - a potion of ambrosia {unknown}
 u - 2 potions of mutation {unknown}
 v - 2 potions of flight {unknown}


   Skills:
 + Level 5.1 Fighting
 + Level 5.6 Axes
 + Level 6.2 Armour
 - Level 0.4 Stealth
 + Level 4.6 Shields
 * Level 3.2 Evocations


You had 7 spell levels left.
You didn't know any spells.
Your spell library contained the following spells:

 Spells                   Type           Power      Damage    Failure   Level
 Ozocubu's Armour         Ice            0%         N/A       100%        3
 Ozocubu's Refrigeration  Ice            0%         4d5       100%        7


Dungeon Overview and Level Annotations

Branches:
Dungeon (6/15)             Temple (1/1) D:4

Altars:
Ashenzari
Cheibriados
Dithmenos
Elyvilon
Gozag
Hepliaklqana
Kikubaaqudgha
Makhleb
Nemelex Xobeh
Qazlal
Ru
Sif Muna
Trog
Uskayaw
Vehumet
Wu Jian
Xom
Yredelemnul
Zin
The Shining One

Shops:
D:5 (

Annotations:
D:5 2 runed translucent doors, rabbitsville's ghost, novice MfGl
D:6 Maggie


Innate Abilities, Weirdness & Mutations

You are immune to sickness and miasma.
Your stone body is resilient. (AC +5)
You are immune to poison.
You resist negative energy. (rN+)
You are resistant to electric shocks. (rElec)
You are resistant to unholy torment.
You are immune to petrification.


Message History

You hit Maggie but do no damage.
Maggie is heavily wounded.
Maggie points at you and mumbles some strange words.
The bolt of fire hits you!
You slash Maggie!
You feel better.
Maggie is severely wounded.
Maggie says, "Leave now, and tell all of Margery's mercy!"
You block Maggie's attack. Maggie barely misses you.
You hit Maggie but do no damage.
Maggie is severely wounded.
Maggie hits you but does no damage.
You hit Maggie.
Maggie is severely wounded.
Maggie points at you and mumbles some strange words.
The bolt of fire hits you!
* * * LOW HITPOINT WARNING * * *
You slash Maggie!
Maggie is almost dead.
Maggie hits you but does no damage.
You hit Maggie.
You feel better.
Maggie is almost dead.
Maggie closely misses you. x2
You barely miss Maggie.
Maggie is almost dead.
Maggie barely misses you.
You hit Maggie.
You feel better.
Maggie is almost dead.
Maggie hits you with a +0 scimitar!
* * * LOW HITPOINT WARNING * * *
You closely miss Maggie.
Maggie is almost dead.
Maggie casts a spell.
Maggie draws you further into her thrall.
You hit Maggie.
Maggie is almost dead.
Maggie hits you but does no damage.
Maggie says, "Fear not.
I will immortalize you in the tale of my first kill."
Maggie casts a spell at you. The bolt of fire hits you!
You die...

#. # ####>
.. ?... .# #
... .#.#
#..##.#.#
#.......#
#.@...#
#.#..@..#
#.......##
#####.<..#
#..........#
#.###......#
.......#
#>........
#........$.
#.#.#...###


You could see Maggie (mesmerising).

Vanquished Creatures
  Edmund (D:5)
  Duvessa (D:5)
  A black bear (D:3)
  2 ice beasts
  Blork the orc (D:5)
  A bullfrog (D:4)
  A necrophage (D:5)
  A scorpion (D:5)
  Dowan (D:5)
  4 hounds (D:5)
  Ijyb (D:3)
  2 iguanas
  3 gnolls (D:5)
  10 adders
  An ufetubus (D:3)
  A worm (D:4)
  A dart slug (D:4)
  11 orcs
  5 bats
  7 endoplasms
  2 giant cockroaches
  11 goblins
  11 hobgoblins
  6 quokkas
  5 ball pythons
  3 frilled lizards (D:1)
  A kobold (D:2)
  3 rats
98 creatures vanquished.

Notes
Turn   | Place    | Note
-------+----------+-------------------------------------------
     0 | D:1      | bande the Gargoyle Fighter began the quest for the Orb.
     0 | D:1      | Reached XP level 1. HP: 14/14 MP: 1/1
   117 | D:1      | Reached XP level 2. HP: 18/19 MP: 2/2
  1037 | D:1      | Reached XP level 3. HP: 22/23 MP: 3/3
  2195 | D:2      | Reached XP level 4. HP: 20/29 MP: 4/4
  2576 | D:3      | Noticed Ijyb
  2584 | D:3      | Paralysed by Ijyb for 2 turns
  2585 | D:3      | Killed Ijyb
  2586 | D:3      | Reached skill level 4 in Armour
  2939 | D:3      | Reached XP level 5. HP: 33/33 MP: 5/5
  3240 | D:4      | Noticed a black bear
  3251 | D:3      | Killed a black bear
  3252 | D:3      | Reached skill level 1 in Evocations
  3252 | D:3      | Reached XP level 6. HP: 28/38 MP: 6/6
  3611 | D:4      | Noticed an ice beast
  3640 | D:4      | Killed an ice beast
  3641 | D:4      | Reached skill level 5 in Armour
  4127 | D:4      | Reached XP level 7. HP: 34/44 MP: 7/7
  4375 | D:4      | Found a staircase to the Ecumenical Temple.
  4381 | Temple   | Entered the Ecumenical Temple
  4814 | D:5      | Entered Level 5 of the Dungeon
  5014 | D:5      | Found Lyliraa's Antique Weapon Boutique.
  5023 | D:5      | Noticed Duvessa
  5023 | D:5      | Noticed Dowan
  5037 | D:5      | Killed Duvessa
  5054 | D:5      | Killed Dowan
  5389 | D:5      | Reached skill level 5 in Axes
  5423 | D:5      | Reached XP level 8. HP: 38/48 MP: 8/8
  5508 | D:5      | Reached skill level 6 in Armour
  5589 | D:5      | Noticed Blork the orc
  5600 | D:5      | Killed Blork the orc
  5601 | D:5      | Reached skill level 5 in Fighting
  5777 | D:5      | Found a large runed translucent door.
  5777 | D:5      | Found a large runed translucent door.
  5779 | D:5      | Noticed rabbitsville's ghost (novice MfGl)
  5812 | D:5      | Noticed Edmund
  5839 | D:5      | Killed Edmund
  6166 | D:6      | Noticed Maggie
  6202 | D:6      | Killed from afar by Maggie

Illustrated notes

Levels and vault maps discovered:
D:1:      noname_arrival_rooms_in_the_neighbourhood, layout_basic
D:2:      minmay_wonky_spiral, layout_basic
D:3:      layout_basic, uniq_ijyb
D:4:      layout_gridville, minmay_temple_entry_fiery
D:5:      layout_layer_cave, ebering_ghost_disaster_area, serial_shops, shop,
          uniq_edmund, uniq_blork_the_orc, uniq_duvessa
D:6:      layout_basic, serial_rivers, chequers_serial_rivers_room_a,
          chequers_serial_rivers_marsh, chequers_serial_rivers_room_b,
          chequers_serial_rivers_micro_b, kennysheep_windowed_goal,
          uniq_crazy_yiuf_cottage, uniq_sigmund, uniq_menkaure, uniq_maggie
Temple:   mainiacjoe_temple_big_plus

Skill      XL: |  1  2  3  4  5  6  7  8 |
---------------+-------------------------+-----
Axes           | 2 3 4 5 |  5.6
Fighting       | 4 5 |  5.1
Armour         | 4 5 6 |  6.2
Evocations     | 1 2 3 |  3.2
Shields        | 4 |  4.6
Stealth        | |  0.4

Action                   |  1- 3 |  4- 6 |  7- 9 || total
-------------------------+-------+-------+-------++-------
Melee: War axe           |   114 |     3 |   128 ||   245
       Hand axe          |       |   107 |    63 ||   170
  Use: Scroll            |     2 |     4 |     2 ||     8
Armor: Scale mail        |    60 |     4 |       ||    64
       Chain mail        |       |    63 |   131 ||   194
Dodge: Dodged            |    61 |    43 |    65 ||   169
Block: Buckler           |    30 |    21 |    57 ||   108

Table legend: (Time is in decaauts)
 A = Elapsed time spent in this place.
 B = Non-inter-level travel time spent in this place.
 C = Inter-level travel time spent in this place.
 D = Time resting spent in this place.
 E = Time spent auto-exploring this place.
 F = Levels seen in this place.
 G = Mean time per level.
                   A        B        C        D        E       F      G
               +--------+--------+--------+--------+--------+-----+--------+
         Total |   6320 |   6236 |     84 |   1855 |   3286 |   7 |  902.9 |
       Dungeon |   5901 |   5841 |     60 |   1855 |   2902 |   6 |  983.5 |
        Temple |    418 |    394 |     24 |      0 |    384 |   1 |  418.0 |
               +--------+--------+--------+--------+--------+-----+--------+

Top non-repeatable levels by time:
     D:1: 1514 daAuts
     D:5: 1260 daAuts
     D:4: 1117 daAuts
     D:3: 1000 daAuts
     D:2: 973 daAuts
  Temple: 418 daAuts
     D:6: 36 daAuts
